AoeStats
← [PSCH] R!ce

Arabia

507938448Analyzed
1v1 RM · 12d ago on Sep 20, 2026· 58m 13s· 2 players
Game mode
Random Map
Map size
Tiny (2 player)
Population
200
Speed
Normal
Resources
Standard
Victory
Conquest
Starting age
Dark Age
Ending age
Imperial Age
RankedLock teamsTeams togetherTeam positionsShared explorationLock speedFull tech treeHidden civsTurbo modeCheats
Victory
Defeat
🇪🇸 Celts · Spain
1495
+13
🇨🇭 Malians · Switzerland
1440
-13
[PSCH] R!ce
7:27 Loom
9:50 Feudal Age
10:02 Man-at-Arms
10:40 Double-Bit Axe
16:08 Fletching
22:16 Castle Age
23:34 Bodkin Arrow
23:59 Scale Barding Armor
27:45 Bow Saw
30:20 Scale Mail Armor
30:32 Forging
34:42 Scale Mail Armor
43:41 Chain Mail Armor
49:15 Imperial Age
58:45 Bloodlines
Popeeeeeeeye
2:52 Loom
10:58 Feudal Age
11:03 Man-at-Arms
11:33 Double-Bit Axe
16:43 Fletching
27:41 Castle Age
26:13 Scale Mail Armor
26:48 Gold Mining
27:36 Forging
27:53 Pikeman
41:17 Imperial Age
39:30 Bow Saw
40:35 Chain Mail Armor
41:04 Bodkin Arrow
46:11 Plate Mail Armor
48:22 Iron Casting
48:33 Arson
49:31 Wheelbarrow
55:24 Blast Furnace
55:18 Hand Cart
57:17 Elite Woad Raider
Connection lost

Rejoining the realm…

Still unreachable

The connection could not be restored.

Session expired

The server has moved on; the page needs a fresh start.